 Dungeon Crawl Stone Soup version 0.29.1-13-g9f3cf754e1 (webtiles) character file.

Game seed: 4586800257045179155

130 KamiKatze the Conjurer (level 4, -5/24 HPs)
             Began as a Deep Elf Conjurer on Feb 9, 2023.
             Slain by Crazy Yiuf
             ... wielding a +2 quarterstaff of chaos
              (13 damage)
             ... on level 2 of the Dungeon.
             The game lasted 00:11:20 (2548 turns).

KamiKatze the Conjurer (Deep Elf Conjurer)          Turns: 2548, Time: 00:11:21

Health: -5/24      AC:  4    Str:  4    XL:     4   Next: 90%
Magic:  10/12      EV: 12    Int: 25    God:
Gold:   137        SH:  0    Dex: 13    Spells: 0/11 levels left

rFire   . . .      SeeInvis .   f - +0 spear
rCold   . . .      Faith    .   (no shield)
rNeg    . . .      Spirit   .   a - +0 robe
rPois   .          Reflect  .   o - +1 helmet
rElec   .          Harm     .   (no cloak)
rCorr   .          Rampage  .   (no gloves)
Will    .....                   (no boots)
Stlth   ++........              p - amulet of magic regeneration
HPRegen 0.08/turn               (no ring)
MPRegen 0.53/turn               (no ring)

@: no status effects
A: no striking features
a: no special abilities


You were on level 2 of the Dungeon.
You visited 1 branch of the dungeon, and saw 3 of its levels.

You collected 137 gold pieces.

Inventory:

Hand Weapons
 f - a +0 spear (weapon)
Missiles
 d - 7 stones
 g - 9 poisoned darts (quivered)
 k - 6 datura-tipped darts
 r - 4 curare-tipped darts
Armour
 a - a +0 robe (worn)
 o - a +1 helmet (worn)
Jewellery
 p - an amulet of magic regeneration (around neck)
Scrolls
 c - a scroll of teleportation {unknown}
 i - 2 scrolls of vulnerability {unknown}
 l - a scroll of enchant armour {unknown}
 m - a scroll of acquirement {unknown}
 n - 3 scrolls of identify {unknown}
 q - a scroll of poison {unknown}
Potions
 b - a potion of magic
 e - 2 potions of heal wounds {unknown}
 h - a potion of flight {unknown}
 j - a potion of degeneration {unknown}


   Skills:
 - Level 3.0 Dodging
 - Level 3.0 Stealth
 * Level 4.0 Spellcasting
 * Level 5.0 Conjurations
 * Level 2.6 Hexes
 * Level 2.0 Translocations


You couldn't memorise any spells.
You knew the following spells:

 Your Spells              Type           Power      Damage    Failure   Level
a - Magic Dart            Conj           100%       1d8       1%          1
b - Searing Ray           Conj           60%        2d6       1%          2
c - Fulminant Prism       Conj/Hex       12%        3d9       19%         4
d - Iskenderun's Mystic   Conj/Tloc      22%        2d6       22%         4

Your spell library contained the following spells:

 Spells                   Type           Power      Damage    Failure   Level
 Dazzling Flash           Conj/Hex       48%        N/A       5%          3
 Conjure Ball Lightning   Conj/Air       8%         3x3d6     99%         6
 Discord                  Hex            9%         N/A       100%        8
 Disjunction              Tloc           7%         N/A       100%        8


Dungeon Overview and Level Annotations

Branches:
Dungeon (3/15)

Altars:
Ashenzari
Fedhas
Qazlal
Yredelemnul

Annotations:
D:2 exclusion: door, Crazy Yiuf
D:3 exclusions: frilled lizard and ogre, Natasha


Message History

There is a stone staircase leading down here.
A ball python comes into view.
Casting: Magic Dart (safe; 1% risk of failure)
Confirm with . or Enter, or press ? or * to list all spells.
Aiming: Magic Dart (safe; 1% risk of failure)
Press: ? - help, Shift-Dir - straight line, f - ball python
Aim: a ball python (asleep, 100% to hit)
The magic dart hits the ball python!
You kill the ball python!
You see here a ball python corpse.
You now have 137 gold pieces (gained 9).
There is a fountain of sparkling water here.
Partly explored, can't reach some places.
Unknown command.
There is an escape hatch in the ceiling here.
A mysterious force pulls you upwards. The hatch slams shut behind you.
Level annotation: 1 runed translucent door, exclusion: door, Crazy Yiuf Crazy Yiuf shouts!
This door is marked as excluded!
Open it anyway?
You open the door.
Casting: Magic Dart (safe; 1% risk of failure)
Confirm with . or Enter, or press ? or * to list all spells.
Aiming: Searing Ray (safe; 1% risk of failure)
Press: ? - help, Shift-Dir - straight line, f - Crazy Yiuf
Aim: Crazy Yiuf, wielding a +2 quarterstaff of chaos and wearing a +1 cloak (82% to hit)
The searing ray hits Crazy Yiuf!
Crazy Yiuf is moderately wounded. (Press . to maintain the ray.) Crazy Yiuf closely misses you.
The searing ray hits Crazy Yiuf.
Crazy Yiuf is heavily wounded.
Crazy Yiuf grits, "Iron!"
Crazy Yiuf hits you with a +2 quarterstaff of chaos!
Crazy Yiuf freezes you.
* * * LOW HITPOINT WARNING * * *
The searing ray hits Crazy Yiuf.
Crazy Yiuf is severely wounded.
Crazy Yiuf hits you with a +2 quarterstaff of chaos!
Ouch! That really hurt!
You die...

..........# ##..#####
#.# #...#####.# #....#
#.# ....# #.## ♣....♣
#.# ....# #..# ♣♣...♣
#.# #.#.# #### ♣♣.♣♣
#.# #.#.# ♣♣.♣ #.#
#.#.# ♣.♣♣ #######.#
#.#.# ♣♣.♣ #.......#
....# ♣@♣♣ #######.#
.#..# #g# #.# ...##
... #.# #.## #...#
#.#### ..# ##### #)..#
#..... #.## ###...#
##### #.####
##.###.#.### #.#
##......#### ### #.#
##.###......########.#
#.#


You could see Crazy Yiuf.

Vanquished Creatures
  Terence (D:1)
  Robin (D:3)
  2 adders (D:2)
  2 worms (D:2)
  3 dart slugs
  5 endoplasms
  2 giant cockroaches (D:3)
  13 goblins
  3 hobgoblins
  5 jackals (D:3)
  3 quokkas (D:1)
  7 ball pythons
  3 bats
  4 frilled lizards
  4 kobolds (D:1)
  4 rats
62 creatures vanquished.

Notes
Turn   | Place    | Note
-------+----------+-------------------------------------------
     0 | D:1      | KamiKatze the Deep Elf Conjurer began the quest for the
                  | Orb.
     0 | D:1      | Reached XP level 1. HP: 10/10 MP: 6/6
   191 | D:1      | Reached skill level 1 in Hexes
   191 | D:1      | Reached XP level 2. HP: 15/15 MP: 4/8
   194 | D:1      | Learned a level 2 spell: Searing Ray
   457 | D:1      | Reached skill level 1 in Translocations
   597 | D:2      | Noticed Terence
   747 | D:2      | Reached XP level 3. HP: 18/19 MP: 3/9
   843 | D:1      | Killed Terence
   945 | D:2      | Reached XP level 4. HP: 22/24 MP: 6/11
   950 | D:2      | Learned a level 4 spell: Fulminant Prism
  1066 | D:2      | Found a faded altar of an unknown god.
  1332 | D:2      | Found a runed translucent door.
  1333 | D:2      | Noticed Crazy Yiuf
  1397 | D:3      | Noticed Robin
  1413 | D:3      | Killed Robin
  1565 | D:3      | Found a basalt altar of Yredelemnul.
  1581 | D:3      | Reached skill level 5 in Conjurations
  1590 | D:3      | Found a broken altar of Ashenzari.
  1604 | D:3      | Found a blossoming altar of Fedhas.
  1609 | D:3      | Found a stormy altar of Qazlal.
  1687 | D:3      | Noticed an ogre
  1865 | D:3      | Learned a level 4 spell: Iskenderun's Mystic Blast
  1894 | D:3      | Noticed Natasha
  2548 | D:2      | Slain by Crazy Yiuf

Illustrated notes

Levels and vault maps discovered:
D:1:      minmay_arrival_stair_chambers, layout_rooms, minmay_misc_feat_columns,
          minmay_misc_feat_five, minmay_hedge_maze, st_stairs_8
D:2:      layout_loops_ring, ebering_ecumenical_altar_abandoned,
          uniq_crazy_yiuf_cottage, uniq_terence
D:3:      minmay_skewed_foursquare, layout_basic,
          grunt_temple_overflow_cloverleaf, uniq_robin, uniq_natasha

Skill      XL: |  1  2  3  4 |
---------------+-------------+-----
Hexes          | 1 2 |  2.6
Translocations | 1 2 |  2.0
Stealth        | 3 |  3.0
Dodging        | 3 |  3.0
Conjurations   | 5 |  5.0
Spellcasting   | 4 |  4.0

Action                   |  1- 3 |  4- 6 || total
-------------------------+-------+-------++-------
Melee: Spear             |     6 |     1 ||     7
 Cast: Magic Dart        |    49 |    48 ||    97
       Searing Ray       |     3 |     4 ||     7
 Stab: Sleeping          |     1 |       ||     1
Armor: Robe              |    20 |       ||    20
Dodge: Dodged            |    27 |     2 ||    29
